 Dungeon Crawl Stone Soup version 0.23.2-33-g5129a83 (webtiles) character file.

Game seed: 5240931937393753268

33 EazyBreezy the Slasher (level 3, -1/27 HPs)
             Began as a Demonspawn Gladiator on Aug 4, 2019.
             Slain by an orc wizard
             ... wielding a +0 dagger
              (2 damage)
             ... on level 3 of the Dungeon.
             The game lasted 00:01:40 (1098 turns).

EazyBreezy the Slasher (Demonspawn Gladiator)       Turns: 1098, Time: 00:01:42

Health: -1/27      AC:  5    Str: 14    XL:     3   Next: 12%
Magic:  3/3        EV: 15    Int:  9    God:
Gold:   46         SH:  0    Dex: 15    Spells: 2/2 levels left

rFire    . . .     SeeInvis .   a - +0 long sword
rCold    . . .     Gourm    .   (no shield)
rNeg     . . .     Faith    .   b - +0 leather armour
rPois    .         Spirit   .   c - +0 helmet
rElec    .         Reflect  .   h - +0 cloak (curse)
rCorr    .         Harm     .   (no gloves)
MR       .....                  (no boots)
Stlth    +.........             (no amulet)
HPRegen  0.09/turn              j - ring of flight
MPRegen  0.08/turn              (no ring)

@: no status effects
A: repulsion field 1
a: Evoke Flight


You were on level 3 of the Dungeon.
You were hungry.

You visited 1 branch of the dungeon, and saw 3 of its levels.

You collected 46 gold pieces.

Inventory:

Hand Weapons
 a - a +0 long sword (weapon)
Missiles
 d - 3 throwing nets (quivered)
Armour
 b - a +0 leather armour (worn)
 c - a +0 helmet (worn)
 h - a cursed +0 cloak (worn)
Jewellery
 j - a ring of flight (left hand)
Scrolls
 e - a scroll of teleportation {unknown}
 g - a scroll of fog {unknown}
 k - a scroll of remove curse {unknown}
 m - 2 scrolls of immolation {unknown}
 n - a scroll of random uselessness {unknown}
 p - a scroll of identify {unknown}
Potions
 i - 2 potions of heal wounds {unknown}
 l - a potion of might {unknown}
 o - a potion of resistance {unknown}
Comestibles
 f - 3 rations


   Skills:
 * Level 2.2 Fighting
 * Level 3.3 Long Blades
 - Level 1.7 Throwing
 * Level 0.4 Armour
 * Level 3.0 Dodging


You had 2 spell levels left.
You didn't know any spells.
Your spell library was empty.

Dungeon Overview and Level Annotations

Branches:
Dungeon (3/15)

Altars:


Innate Abilities, Weirdness & Mutations

You are surrounded by a mild repulsion field. (EV +2)


Message History

You completely miss the giant cockroach.
The orc wizard hits you with a +0 dagger.
* * * LOW HITPOINT WARNING * * *
You hit the giant cockroach but do no damage.
The giant cockroach bites you but does no damage.
The orc wizard hits you with a +0 dagger.
* * * LOW HITPOINT WARNING * * *
The giant cockroach bites you but does no damage.
You closely miss the giant cockroach.
You feel yourself speed up. The orc wizard misses you.
The giant cockroach barely misses you. The orc wizard closely misses you.
The giant cockroach closely misses you.
You barely miss the giant cockroach. The giant cockroach barely misses you.
You riposte.
You barely miss the giant cockroach.
The orc wizard gestures wildly while chanting.
The orc wizard seems to speed up.
The giant cockroach completely misses you.
You riposte.
You barely miss the giant cockroach.
The orc wizard hits you with a +0 dagger.
You die...

### ..# #.# #.#
#.#####s#######
.......@o......
.......########
....... .......
....... .......
...#### ...


You could see an orc wizard and a giant cockroach.

Vanquished Creatures
  An adder (D:2)
  A worm (D:2)
  A dart slug (D:1)
  4 goblins (D:1)
  2 hobgoblins
  4 jackals (D:2)
  2 bats (D:2)
  3 rats
18 creatures vanquished.

Notes
Turn   | Place    | Note
-------+----------+-------------------------------------------
     0 | D:1      | EazyBreezy the Demonspawn Gladiator began the quest for the
                  | Orb.
     0 | D:1      | Reached XP level 1. HP: 16/16 MP: 1/1
   352 | D:1      | Gained mutation: You are surrounded by a mild repulsion
                  | field. (EV +2) [demonic ancestry]
   352 | D:1      | Reached XP level 2. HP: 21/22 MP: 2/2
  1082 | D:2      | Reached XP level 3. HP: 2/27 MP: 3/3
  1096 | D:3      | HP: 1/27 [orc wizard/+0 dagger (2)]
  1098 | D:3      | Slain by an orc wizard

Skill      XL: |  1  2 |
---------------+-------+-----
Long Blades    | 3 |  3.3
Dodging        | 3 |  3.0
Fighting       | |  2.2
Throwing       | |  1.7
Armour         | |  0.4

Action                   || total
-------------------------++-------
Melee: Long sword        ||    48
 Stab: Sleeping          ||     1
Armor: Leather armour    ||    17
Dodge: Dodged            ||    58
       Rpst.: Long sword ||    18
